 Dungeon Crawl Stone Soup version 0.24-a0-530-g18ba70b503 (webtiles) character file.

Game seed: 17694132902323048585

37345 Mithandil the Blocker (level 13, -3/114 HPs)
             Began as a Minotaur Fighter on Aug 8, 2019.
             Was a High Priest of the Shining One.
             Slain by a redback (8 damage)
             ... on level 2 of the Spider Nest.
             The game lasted 01:41:06 (14984 turns).

Mithandil the Blocker (Minotaur Fighter)           Turns: 14984, Time: 01:41:07

Health: -3/114     AC: 18    Str: 29    XL:     13   Next: 57%
Magic:  16/16      EV: 14    Int:  3    God:    the Shining One [*****.]
Gold:   758        SH:  0    Dex: 16    Spells: 18/18 levels left

rFire    + + .     SeeInvis .   a - +5 war axe (freeze)
rCold    . . .     Gourm    .   p - +2 shield
rNeg     + + .     Faith    .   z - +0 plate armour
rPois    .         Spirit   .   Q - +2 hat of Mutualism {Str+2 Int-2 Dex+5}
rElec    .         Reflect  .   (no cloak)
rCorr    +         Harm     .   J - +0 pair of gloves
MR       .....                  (no boots)
Stlth    ..........             e - amulet of magic regeneration
HPRegen  0.29/turn              x - ring of protection from fire
MPRegen  0.40/turn              O - ring of resist corrosion

@: confused, glowing
A: retaliatory headbutt, horns 2, agile 1, fire resistance 1, MP-powered wands
a: Divine Shield, Cleansing Flame, Summon Divine Warrior, Renounce Religion


You were on level 2 of the Spider Nest.
You worshipped the Shining One.
The Shining One was extremely pleased with you.
You were hungry.

You visited 4 branches of the dungeon, and saw 18 of its levels.

You collected 1008 gold pieces.
You spent 250 gold pieces at shops.

Inventory:

Hand Weapons
 a - a +5 war axe of freezing (weapon)
 b - a +5 spear of freezing
 j - a cursed +1 short sword of freezing
 y - a +4 dagger
 B - a +1 scimitar
 E - a +2 dagger of speed
 G - a +1 halberd of flaming
 K - a +3 morningstar of freezing
 P - a +4 battleaxe
Missiles
 c - 27 stones
 g - 114 sling bullets
 l - 287 arrows
 q - 3 silver javelins
 u - 95 bolts
 v - 75 poisoned darts
 N - 6 boomerangs (quivered)
Armour
 p - a +2 shield (worn)
 z - a +0 plate armour (worn)
 J - a +0 pair of gloves (worn)
 Q - the +2 hat of Mutualism (worn) {Str+2 Int-2 Dex+5}
   (You found it on level 7 of the Dungeon)

   It affects your strength (+2).
   It affects your intelligence (-2).
   It affects your dexterity (+5).
 U - a +0 troll leather armour
Jewellery
 e - an amulet of magic regeneration (around neck)
 m - a +2 ring of intelligence
 x - a ring of protection from fire (left hand)
 O - a ring of resist corrosion (right hand)
Wands
 A - a wand of acid (12)
 H - a wand of flame (22)
 L - a wand of iceblast (24)
 R - a wand of paralysis (3)
 Z - a wand of scattershot (5)
Scrolls
 n - 6 scrolls of blinking
 r - 2 scrolls of fog
 C - 2 scrolls of magic mapping
 D - 2 scrolls of acquirement {unknown}
 I - 5 scrolls of identify
 T - 2 scrolls of enchant armour
 W - a scroll of vulnerability {unknown}
Potions
 d - 4 potions of might
 h - 5 potions of haste
 i - a potion of heal wounds
 t - a potion of cancellation
 w - a potion of ambrosia
 F - 2 potions of berserk rage
 S - 2 potions of agility
Comestibles
 f - 30 rations


   Skills:
 + Level 10.7 Fighting
 * Level 14.0 Axes
 - Level 0.9(9.4) Polearms
 - Level 6.0 Throwing
 + Level 10.8 Armour
 + Level 9.5 Dodging
 * Level 14.2 Shields
 - Level 3.0 Spellcasting


You had 18 spell levels left.
You didn't know any spells.
Your spell library contained the following spells:

 Spells                   Type           Power        Failure   Level  Hunger
 Confusing Touch          Hex            #.....       98%         1    ##.....
 Freeze                   Ice            #...         98%         1    ##.....
 Sting                    Conj/Pois      #...         98%         1    ##.....
 Poisonous Vapours        Pois/Air       #.....       99%         2    ###....
 Throw Frost              Conj/Ice       #.....       99%         2    ###....
 Confuse                  Hex            #.......     100%        3    ####...
 Gell's Gravitas          Tloc           #.........   100%        3    ####...
 Mephitic Cloud           Conj/Pois/Air  #.......     100%        3    ####...
 Ozocubu's Armour         Chrm/Ice       #.......     100%        3    ####...
 Olgreb's Toxic Radiance  Pois           #.......     100%        4    #####..
 Petrify                  Tmut/Erth      #.......     100%        4    #####..
 Summon Ice Beast         Ice/Summ       #.......     100%        4    #####..
 Throw Icicle             Conj/Ice       #.......     100%        4    #####..
 Metabolic Englaciation   Hex/Ice        #.........   100%        5    ######.
 Venom Bolt               Conj/Pois      #.........   100%        5    ######.
 Yara's Violent Unravell  Hex/Tmut       #.........   100%        5    ######.


Dungeon Overview and Level Annotations

Branches:
Dungeon (11/15)            Temple (1/1) D:7            Lair (4/6) D:10
  Swamp (0/4) Lair:2       Spider (2/4) Lair:4
    Orc: D:9-12

Altars:
Ashenzari
Cheibriados
Dithmenos
Elyvilon
Fedhas
Gozag
Hepliaklqana
Kikubaaqudgha
Makhleb
Nemelex Xobeh
Okawaru
Qazlal
Ru
Sif Muna
Trog
Uskayaw
Vehumet
Wu Jian
Xom
Yredelemnul
Zin
The Shining One

Shops:
D:4 *

Annotations:
D:5 1 runed translucent door, hitsuchi's ghost, novice DrFE
D:8 exclusion: 3 oklob plants
Lair:1 exclusion: 5 oklob plants


Innate Abilities, Weirdness & Mutations

You reflexively headbutt those who attack you in melee.
You have a pair of horns on your head.
You are agile. (Dex +2)
Your flesh is heat resistant. (rF+)
You expend magic power (3 MP) to strengthen your wands.


Message History

The redback is severely wounded.
You slash the redback! You freeze the redback.
You kill the redback!
You closely miss the redback. You hit the jumping spider.
You freeze the jumping spider.
The redback bites you but does no damage.
The redback bites you!
* * * LOW HITPOINT WARNING * * *
You closely miss the redback.
The redback is severely wounded.
You closely miss the tarantella. You slash the redback! You freeze the redback.
You slash the redback! You freeze the redback.
You kill the redback!
You closely miss the tarantella. You hit the redback. You freeze the redback.
The tarantella bites you!
* * * LOW HITPOINT WARNING * * *
You are confused.
The tarantella bites you but does no damage.
The redback closely misses you. x2; The redback bites you!
You die...

≈... ##.... # .......
.#......s.
#..s.......
##..s........
##ss...........
#^@ss...........
..###ss.......#^...|
....##..............
......^..#...........
...........≈..#......
##.........#.......>.
≈....................
.....................
....#......†††.......


You could see a wolf spider, an orb spider, a jumping spider, 2 tarantellas and
3 redbacks.

Vanquished Creatures
  A ghost moth (Spider:1)
  A two-headed ogre (D:8)
  2 unseen horrors
  6 wolf spiders
  2 orb spiders (Spider:1)
  A torpor snail (Spider:2)
  A centaur zombie (D:10)
  Joseph (D:9)
  3 black mambas
  4 spiny frogs
  A rime drake (Lair:3)
  2 komodo dragons
  2 demonic crawlers (Spider:1)
  2 trolls
  9 jumping spiders
  A hornet (D:9)
  Grinder (D:4)
  8 blink frogs
  6 hippogriffs
  37 redbacks
  21 yaks
  4 basilisks
  15 tarantellas
  A steam dragon (D:9)
  25 water moccasins
  7 porcupines
  A floating eye (D:8)
  2 orc warriors
  2 ice beasts (D:9)
  An eye of draining (D:9)
  3 sky beasts
  A black bear (D:8)
  A necrophage (D:6)
  3 wolves (Lair:4)
  5 ogres
  6 phantoms
  7 centaurs
  6 crocodiles
  2 big kobolds
  11 bullfrogs
  A wyvern zombie (D:9)
  2 scorpions
  13 wights
  A vampire bat (Lair:2)
  2 howler monkeys (D:9)
  4 crimson imps
  A quasit (D:5)
  2 bullfrog zombies
  4 jellies
  4 bullfrog skeletons
  3 orc priests
  7 hounds
  7 iguanas
  11 orc wizards
  11 worker ants
  A killer bee zombie (D:6)
  A hound zombie (D:7)
  3 hound skeletons
  A worker ant zombie (D:9)
  3 gnolls (D:5)
  21 adders
  6 shadow imps
  2 oozes
  An adder skeleton (D:4)
  3 worms
  A dart slug (D:1)
  3 leopard geckos
  43 orcs
  A ball python (D:1)
  8 giant cockroaches
  4 hobgoblins
  14 jackals
  12 kobolds
  4 quokkas
  A ball python zombie (D:5)
  15 bats
  6 frilled lizards
  4 goblins
  6 rats
  A butterfly (Lair:3)
453 creatures vanquished.

Vanquished Creatures (others)
  A troll (D:9)
  A bullfrog (D:9)
  3 fungi (D:10)
  7 plants (D:10)
12 creatures vanquished.

Grand Total: 465 creatures vanquished

Notes
Turn   | Place    | Note
-------+----------+-------------------------------------------
     0 | D:1      | Mithandil the Minotaur Fighter began the quest for the Orb.
     0 | D:1      | Reached XP level 1. HP: 19/19 MP: 0/0
   174 | D:1      | Reached XP level 2. HP: 24/27 MP: 1/1
   636 | D:1      | Reached skill level 1 in Throwing
   776 | D:1      | Reached XP level 3. HP: 32/33 MP: 2/2
  1519 | D:2      | Found an ornate altar of the Wu Jian Council.
  1878 | D:2      | Reached skill level 1 in Dodging
  2073 | D:2      | Reached XP level 4. HP: 40/40 MP: 3/3
  2841 | D:4      | Reached XP level 5. HP: 46/46 MP: 3/5
  3116 | D:4      | Reached skill level 1 in Spellcasting
  3217 | D:5      | Entered Level 5 of the Dungeon
  3252 | D:4      | Found Sarhomif's General Store.
  3284 | D:4      | Reached XP level 6. HP: 48/52 MP: 6/6
  3357 | D:4      | Reached skill level 5 in Shields
  3718 | D:5      | Reached XP level 7. HP: 17/60 MP: 7/7
  4006 | D:4      | Gained mutation: Your flesh is heat resistant. (rF+)
                  | [potion of mutation]
  4006 | D:4      | Gained mutation: You are agile. (Dex +2) [potion of
                  | mutation]
  4006 | D:4      | Gained mutation: You expend magic power (3 MP) to
                  | strengthen your wands. [potion of mutation]
  4137 | D:4      | Noticed Grinder
  4144 | D:4      | Killed Grinder
  4144 | D:4      | Reached skill level 5 in Axes
  4144 | D:4      | Reached skill level 5 in Armour
  4168 | D:4      | Found a blossoming altar of Fedhas.
  4423 | D:5      | Reached XP level 8. HP: 63/67 MP: 9/9
  4481 | D:6      | Reached skill level 5 in Fighting
  4551 | D:4      | Bought an uncursed ring of protection from fire for 250
                  | gold pieces
  5000 | D:5      | Found a runed translucent door.
  5006 | D:5      | Noticed hitsuchi's ghost (novice DrFE)
  5500 | D:6      | Paralysed by an orc for 2 turns
  5896 | D:7      | Found a staircase to the Ecumenical Temple.
  5913 | Temple   | Entered the Ecumenical Temple
  5952 | Temple   | Became a worshipper of the Shining One
  6292 | D:7      | Got a steaming hat
  6298 | D:7      | Identified the +2 hat of Mutualism {Str+2 Int-2 Dex+5} (You
                  | found it on level 7 of the Dungeon)
  6363 | D:7      | Found the +5 robe of Night {Dark MR+ SInv}
  6400 | D:7      | Reached skill level 5 in Throwing
  6400 | D:7      | Reached XP level 9. HP: 51/74 MP: 11/11
  6559 | D:7      | Got an ancient bronze ring
  6564 | D:7      | Identified the ring "Souh" {rF- MR+ SInv Stlth+} (You found
                  | it on level 7 of the Dungeon)
  7040 | D:8      | Reached * piety under the Shining One
  7475 | D:8      | Noticed a troll
  7480 | D:8      | Killed a troll
  7488 | D:8      | Reached ** piety under the Shining One
  7488 | D:8      | Reached skill level 5 in Dodging
  7488 | D:8      | Reached XP level 10. HP: 84/84 MP: 13/13
  7518 | D:8      | Noticed an oklob plant
  7518 | D:8      | Noticed an oklob plant
  7520 | D:8      | Paralysed by a floating eye for 2 turns
  7582 | D:8      | Noticed an oklob plant
  7615 | D:8      | Noticed a two-headed ogre
  7621 | D:8      | Killed a two-headed ogre
  7720 | D:9      | Noticed Joseph
  7727 | D:9      | Killed Joseph
  7841 | D:10     | Entered Level 10 of the Dungeon
  8121 | D:8      | Paralysed by a floating eye for 2 turns
  8326 | D:9      | Noticed an unseen horror
  8331 | D:9      | Killed an unseen horror
  8345 | D:9      | Reached skill level 10 in Shields
  8428 | D:9      | Reached *** piety under the Shining One
  8475 | D:9      | Reached XP level 11. HP: 90/93 MP: 14/14
  8623 | D:10     | Reached skill level 10 in Axes
  8918 | D:10     | Noticed an unseen horror
  8929 | D:10     | Killed an unseen horror
  8992 | D:10     | Reached **** piety under the Shining One
  9120 | D:10     | Found a staircase to the Lair.
  9251 | Lair:1   | Entered Level 1 of the Lair of Beasts
 10124 | Lair:1   | Noticed an oklob plant
 10197 | Lair:1   | Noticed an oklob plant
 10197 | Lair:1   | Noticed an oklob plant
 10517 | Lair:2   | Found a staircase to the Swamp.
 10558 | Lair:2   | Reached XP level 12. HP: 104/104 MP: 15/15
 11757 | Lair:2   | Reached ***** piety under the Shining One
 12469 | Lair:3   | Found an ancient bone altar of Kikubaaqudgha.
 13132 | Lair:4   | Found a hole to the Spider Nest.
 13141 | Spider:1 | Entered Level 1 of the Spider Nest
 13212 | Spider:1 | Reached skill level 10 in Armour
 13755 | Spider:1 | Reached skill level 10 in Fighting
 13875 | Spider:1 | Reached XP level 13. HP: 65/113 MP: 16/16
 13955 | Spider:1 | Noticed a ghost moth
 13962 | Spider:1 | Killed a ghost moth
 14984 | Spider:2 | HP: 5/114 [tarantella (10)]
 14984 | Spider:2 | Slain by a redback

Levels and vault maps discovered:
D:1:      lightli_arrival_chessboard, layout_basic, minmay_pentomino_o2
D:2:      layout_basic, lemuel_crystal_altar
D:3:      layout_basic, kennysheep_path_1
D:4:      layout_cave_pools, serial_shops, nicolae_shop_trees, fedhas_altar_4,
          uniq_grinder
D:5:      layout_loops_ring, first_ration, ebering_ghost_sewer_d,
          minmay_misc_feat_secret_circle
D:6:      layout_basic
D:7:      layout_loops_ring, minmay_temple_entry_slanted, minmay_crossroads
D:8:      layout_basic, blue_anna_alchemist [blue_anna_fruit_fields,
          blue_anna_fruit_fields], disabler_island
D:9:      minmay_clustersquares, layout_cave_pools, item_on_display_a,
          uniq_joseph
D:10:     layout_loops_ring, minmay_lair_entry_grove, orc_0_dummy,
          gammafunk_ghost_hydra_chop, uniq_maurice
D:11:     layout_big_octagon, serial_glass, glass_columns_c, glass_columns_a,
          dk_noncrumbling_3
Temple:   nicolae_temple_the_god_donut
Lair:1:   dpeg_oklob_gauntlet, layout_long_grid, grunt_forest_stairs_basic,
          serial_bayou_pond_b, st_stairs_4, grunt_megastairs_5,
          minmay_lair_oklob_chamber
Lair:2:   lemuel_reptile_caves, layout_cave_pods, swamp_mist_pool,
          nicolae_quartered_pool_little, roderic_batcave, patterned_corridor
Lair:3:   layout_gridlike, basic_altar, lemuel_fruit_fields
Lair:4:   layout_cave_pods, spider_nest_entry_web_field,
          infiniplex_staircase_pool_2, lemuel_fruit_fields, uniq_nessos,
          uniq_urug
Spider:1: layout_spider_delve, nicolae_spider_webs_and_nodes
Spider:2: layout_spider_delve

Skill      XL: |  1  2  3  4  5  6  7  8  9 10 11 12 13 |
---------------+----------------------------------------+-----
Throwing       | 1 2 3 5 6 |  6.0
Shields        | 4 5 6 7 8 10 11 13 14 | 14.2
Axes           | 3 4 5 6 8 9 11 13 14 | 14.0
Dodging        | 1 2 3 5 6 7 8 9 |  9.5
Armour         | 4 5 6 7 9 10 | 10.8
Fighting       | 4 5 6 7 9 10 | 10.7
Spellcasting   | 1 2 3 |  3.0
Polearms       | |  0.9

Action                   |  1- 3 |  4- 6 |  7- 9 | 10-12 | 13-15 || total
-------------------------+-------+-------+-------+-------+-------++-------
Melee: War axe           |    41 |    82 |   276 |   451 |   105 ||   955
       Headbutt          |    18 |    19 |    56 |   118 |    25 ||   236
       Halberd           |    87 |    33 |       |       |       ||   120
       Spear             |       |     4 |       |    36 |       ||    40
       Trident           |       |       |     7 |       |       ||     7
Throw: Javelin           |       |       |     3 |       |       ||     3
       Stone             |       |       |     3 |       |       ||     3
       Boomerang         |       |       |       |       |     2 ||     2
Evoke: Wand              |       |       |       |     1 |       ||     1
  Use: Scroll            |     4 |     6 |    11 |     7 |     2 ||    30
       Potion            |     1 |     1 |    11 |     1 |     1 ||    15
  Eat: Chunk             |     4 |     5 |     9 |    21 |     3 ||    42
       Ration            |       |       |     1 |       |       ||     1
Armor: Scale mail        |    52 |       |       |       |       ||    52
       Chain mail        |    55 |    91 |    49 |       |       ||   195
       Plate armour      |       |       |    42 |   193 |    66 ||   301
Dodge: Dodged            |    77 |    50 |    52 |   123 |    40 ||   342
Block: Shield            |    21 |    75 |   180 |   340 |    97 ||   713

Table legend:
 A = Non-vault XP
 B = Vault XP
 C = Vault XP percentage of total XP
 D = Non-vault monster count
 E = Vault monster count
 F = Vault count percentage of total count
                 A         B        C        D         E       F
            +---------+---------+-------+---------+---------+-------
      Total |   45426 |    7925 |  14.9 |     376 |      77 |  17.0
            +---------+---------+-------+---------+---------+-------
        D:1 |      51 |       3 |   5.6 |      26 |       2 |   7.1
        D:2 |      65 |       0 |   0.0 |      29 |       0 |   0.0
        D:3 |      30 |       0 |   0.0 |       6 |       0 |   0.0
        D:4 |     544 |     272 |  33.3 |      34 |       1 |   2.9
        D:5 |     652 |       0 |   0.0 |      17 |       0 |   0.0
        D:6 |     570 |       0 |   0.0 |      15 |       0 |   0.0
        D:7 |     988 |      33 |   3.2 |      30 |       1 |   3.2
        D:8 |    3241 |     241 |   6.9 |      34 |       2 |   5.6
        D:9 |    3044 |    1569 |  34.0 |      33 |      14 |  29.8
       D:10 |    2420 |    1919 |  44.2 |      22 |      13 |  37.1
       D:11 |     133 |       0 |   0.0 |       2 |       0 |   0.0
     Lair:1 |    3649 |     808 |  18.1 |      16 |       4 |  20.0
     Lair:2 |    2815 |    3080 |  52.2 |      14 |      40 |  74.1
     Lair:3 |    4700 |       0 |   0.0 |      18 |       0 |   0.0
     Lair:4 |    1303 |       0 |   0.0 |       7 |       0 |   0.0
   Spider:1 |   16024 |       0 |   0.0 |      55 |       0 |   0.0
   Spider:2 |    5197 |       0 |   0.0 |      18 |       0 |   0.0
            +---------+---------+-------+---------+---------+-------
